[ PARTIDA AOE2 · #504631989 ]
UnrankedPersas vs Maya
Equipo del jugador · VICT
Equipo rival · DERR
[ ANÁLISIS DE REPETICIÓN · EXTRAÍDO DE LA PARTIDA GRABADA ]
Feudal
10:57
Castillos
—
Imperial
—
| APM promedio | 80.6 |
| APM pico | 113 |
| eAPM promedio | 22.5 |
| Aldeanos / militares | 34 / 9 |
Foco
⚔️ 33.5% · 🌾 66.5%
Militia ×5 · Scout Cavalry ×4
Feudal
9:48
Castillos
—
Imperial
—
| APM promedio | 48.9 |
| APM pico | 63 |
| eAPM promedio | 27.3 |
| Aldeanos / militares | 34 / 33 |
Foco
⚔️ 29.3% · 🌾 70.7%
Archer ×30 · Skirmisher ×2 · Spearman ×1
Mapa de la partida
Recursos iniciales + cada clic de construcción. Líneas = muros · curvas = relieve. ◆ oro · ⬟ piedra · ● bayas · ✦ reliquia · ◌ hueco del cierre
Tu base· Abierta — flanco sin cerrar
Base de paggy· Abierta — flanco sin cerrar
Terreno inicial suavizado · ◌ = hueco del cierre detectado · pasá el cursor para detalles
Inputs por minuto
— pablo.isaza - - paggy
Build order — pablo.isaza
87 acciones detectadas en el replay
| 0:01 | Encolar | Villager (Male) |
| 0:02 | Encolar | Villager (Male) |
| 0:02 | Encolar | Villager (Male) |
| 0:02 | Construir | House |
| 0:04 | Construir | House |
| 0:19 | Encolar | Villager (Male) |
| 0:23 | Encolar | Villager (Male) |
| 1:26 | Construir | Lumber Camp |
| 1:35 | Encolar | Villager (Male) |
| 2:18 | Encolar | Villager (Male) |
| 2:33 | Encolar | Villager (Male) |
| 3:07 | Encolar | Villager (Male) |
| 3:23 | Encolar | Villager (Male) |
| 3:43 | Construir | House |
| 3:53 | Encolar | Villager (Male) |
| 3:53 | Encolar | Villager (Male) |
| 4:02 | Construir | Barracks |
| 4:17 | Encolar | Villager (Male) |
| 4:17 | Encolar | Villager (Male) |
| 4:38 | Construir | House |
| 4:44 | Encolar | Villager (Male) |
| 4:56 | Encolar | Villager (Male) |
| 5:08 | Encolar | Militia |
| 5:08 | Encolar | Militia |
| 5:24 | Encolar | Villager (Male) |
| 5:32 | Encolar | Militia |
| 5:33 | Encolar | Militia |
| 5:44 | Construir | House |
| 5:53 | Construir | Palisade Wall |
| 6:00 | Construir | Mill |
| 6:03 | Encolar | Villager (Male) |
| 6:09 | Encolar | Villager (Male) |
| 6:19 | Encolar | Militia |
| 6:19 | Encolar | Villager (Male) |
| 7:10 | Investigar | Loom |
| 7:10 | Investigar | Loom |
| 8:53 | Investigar | Feudal Age |
| 8:53 | Investigar | Feudal Age |
| 9:15 | Construir | Mill |
| 9:51 | Encolar | Villager (Male) |
| 10:06 | Construir | House |
| 10:35 | Construir | Palisade Wall |
| 10:40 | Encolar | Villager (Male) |
| 10:44 | Construir | Palisade Wall |
| 10:57 | Edad | Edad Feudal |
| 10:58 | Investigar | Man-at-Arms (upgrade) |
| 10:58 | Investigar | Man-at-Arms (upgrade) |
| 10:58 | Investigar | Man-at-Arms (upgrade) |
| 11:01 | Construir | Stable |
| 11:08 | Encolar | Villager (Male) |
| 11:12 | Construir | House |
| 11:40 | Encolar | Scout Cavalry |
| 11:40 | Encolar | Scout Cavalry |
| 12:07 | Encolar | Scout Cavalry |
| 12:07 | Encolar | Scout Cavalry |
| 12:16 | Construir | House |
| 12:18 | Construir | Farm |
| 12:18 | Construir | Farm |
| 12:19 | Construir | Farm |
| 12:19 | Construir | Farm |
| 12:19 | Construir | Farm |
| 12:22 | Construir | Farm |
| 12:38 | Construir | Palisade Wall |
| 12:46 | Encolar | Villager (Male) |
| 12:49 | Construir | Palisade Wall |
| 12:51 | Construir | Palisade Wall |
| 12:52 | Construir | Palisade Wall |
| 13:12 | Construir | House |
| 13:15 | Encolar | Villager (Male) |
| 13:16 | Encolar | Villager (Male) |
| 13:18 | Construir | Farm |
| 13:32 | Encolar | Villager (Male) |
| 13:58 | Encolar | Villager (Male) |
| 14:05 | Construir | House |
| 14:07 | Construir | Palisade Wall |
| 14:09 | Encolar | Villager (Male) |
| 14:11 | Construir | Farm |
| 14:31 | Encolar | Villager (Male) |
| 14:34 | Construir | Farm |
| 14:38 | Encolar | Villager (Male) |
| 14:42 | Construir | House |
| 15:03 | Encolar | Villager (Male) |
| 15:26 | Encolar | Villager (Male) |
| 15:28 | Construir | Farm |
| 15:29 | Construir | Farm |
| 15:38 | Encolar | Villager (Male) |
| 15:40 | Construir | Farm |
Build order — paggy
109 acciones detectadas en el replay
| 0:01 | Investigar | Loom |
| 0:02 | Construir | House |
| 0:03 | Construir | House |
| 0:17 | Encolar | Villager (Male) |
| 0:17 | Encolar | Villager (Male) |
| 0:18 | Encolar | Villager (Male) |
| 1:24 | Encolar | Villager (Male) |
| 1:54 | Construir | Lumber Camp |
| 2:05 | Encolar | Villager (Male) |
| 2:13 | Encolar | Villager (Male) |
| 2:51 | Encolar | Villager (Male) |
| 3:12 | Encolar | Villager (Male) |
| 3:42 | Encolar | Villager (Male) |
| 3:50 | Construir | House |
| 4:01 | Encolar | Villager (Male) |
| 4:11 | Construir | Mill |
| 4:19 | Construir | House |
| 4:22 | Construir | House |
| 4:32 | Encolar | Villager (Male) |
| 4:56 | Encolar | Villager (Male) |
| 5:28 | Encolar | Villager (Male) |
| 5:31 | Encolar | Villager (Male) |
| 5:32 | Encolar | Villager (Male) |
| 6:20 | Encolar | Villager (Male) |
| 6:41 | Encolar | Villager (Male) |
| 6:41 | Encolar | Villager (Male) |
| 6:51 | Construir | Barracks |
| 7:21 | Construir | Mining Camp |
| 7:38 | Investigar | Feudal Age |
| 8:08 | Construir | Palisade Wall |
| 8:10 | Construir | Palisade Wall |
| 8:14 | Construir | Palisade Wall |
| 8:32 | Construir | Palisade Wall |
| 9:00 | Encolar | Villager (Male) |
| 9:11 | Construir | Palisade Wall |
| 9:12 | Construir | Palisade Wall |
| 9:12 | Construir | Palisade Wall |
| 9:18 | Construir | Palisade Wall |
| 9:19 | Construir | Palisade Wall |
| 9:31 | Encolar | Villager (Male) |
| 9:33 | Encolar | Villager (Male) |
| 9:38 | Encolar | Villager (Male) |
| 9:43 | Construir | Mill |
| 9:48 | Edad | Edad Feudal |
| 9:51 | Construir | Archery Range |
| 10:00 | Investigar | Double-Bit Axe |
| 10:00 | Investigar | Double-Bit Axe |
| 10:07 | Encolar | Villager (Male) |
| 10:08 | Construir | House |
| 10:26 | Construir | Farm |
| 10:34 | Construir | Farm |
| 10:42 | Encolar | Archer |
| 10:44 | Encolar | Archer |
| 10:48 | Encolar | Villager (Male) |
| 10:51 | Encolar | Archer |
| 10:53 | Encolar | Archer |
| 10:57 | Encolar | Archer |
| 11:26 | Encolar | Archer |
| 11:27 | Encolar | Villager (Male) |
| 11:33 | Construir | Farm |
| 11:42 | Encolar | Archer |
| 11:47 | Encolar | Archer |
| 11:48 | Encolar | Archer |
| 11:52 | Encolar | Archer |
| 12:05 | Encolar | Villager (Male) |
| 12:09 | Encolar | Archer |
| 12:18 | Encolar | Archer |
| 12:24 | Encolar | Archer |
| 12:26 | Encolar | Archer |
| 12:28 | Construir | Farm |
| 12:29 | Construir | House |
| 12:34 | Encolar | Archer |
| 12:38 | Encolar | Archer |
| 12:49 | Encolar | Villager (Male) |
| 12:50 | Encolar | Archer |
| 13:02 | Encolar | Skirmisher |
| 13:02 | Encolar | Villager (Male) |
| 13:10 | Construir | Farm |
| 13:11 | Construir | Farm |
| 13:12 | Construir | Farm |
| 13:12 | Encolar | Archer |
| 13:16 | Encolar | Skirmisher |
| 13:20 | Encolar | Archer |
| 13:30 | Construir | House |
| 13:34 | Encolar | Villager (Male) |
| 13:37 | Construir | Farm |
| 13:42 | Construir | Palisade Wall |
| 13:43 | Construir | Palisade Wall |
| 13:47 | Encolar | Spearman |
| 14:05 | Construir | House |
| 14:31 | Encolar | Archer |
| 14:33 | Construir | House |
| 14:34 | Encolar | Archer |
| 14:34 | Encolar | Villager (Male) |
| 14:37 | Encolar | Villager (Male) |
| 14:39 | Encolar | Archer |
| 14:46 | Construir | Farm |
| 14:47 | Encolar | Archer |
| 14:53 | Encolar | Archer |
| 14:56 | Construir | Palisade Wall |
| 14:57 | Encolar | Archer |
| 15:06 | Encolar | Archer |
| 15:11 | Encolar | Archer |
| 15:23 | Encolar | Archer |
| 15:25 | Encolar | Archer |
| 15:25 | Encolar | Villager (Male) |
| 15:30 | Encolar | Archer |
| 15:35 | Encolar | Villager (Male) |
| 15:37 | Encolar | Villager (Male) |
Cronología de la partida
| 4:02 | pablo.isaza · first_building Barracks |
| 5:53 | pablo.isaza · wall_segment Palisade Wall x1 |
| 6:51 | paggy · first_building Barracks |
| 8:08 | paggy · wall_segment Palisade Wall x1 |
| 8:10 | paggy · wall_segment Palisade Wall x1 |
| 8:14 | paggy · wall_segment Palisade Wall x1 |
| 8:32 | paggy · wall_segment Palisade Wall x1 |
| 9:11 | paggy · wall_segment Palisade Wall x1 |
| 9:12 | paggy · wall_segment Palisade Wall x1 |
| 9:12 | paggy · wall_segment Palisade Wall x1 |
| 9:18 | paggy · wall_segment Palisade Wall x1 |
| 9:19 | paggy · wall_segment Palisade Wall x1 |
| 9:48 | paggy · age_up feudal |
| 9:51 | paggy · first_building Archery Range |
| 10:35 | pablo.isaza · wall_segment Palisade Wall x11 |
| 10:44 | pablo.isaza · wall_segment Palisade Wall x6 |
| 10:57 | pablo.isaza · age_up feudal |
| 11:01 | pablo.isaza · first_building Stable |
| 12:38 | pablo.isaza · wall_segment Palisade Wall x7 |
| 12:49 | pablo.isaza · wall_segment Palisade Wall x1 |
| 12:51 | pablo.isaza · wall_segment Palisade Wall x4 |
| 12:52 | pablo.isaza · wall_segment Palisade Wall x6 |
| 13:42 | paggy · wall_segment Palisade Wall x1 |
| 13:43 | paggy · wall_segment Palisade Wall x1 |
| 14:07 | pablo.isaza · wall_segment Palisade Wall x4 |
| 14:56 | paggy · wall_segment Palisade Wall x10 |
| 15:45 | paggy · resign |
[ ANÁLISIS IA · 1 CRÉDITO ]
¿Qué pasó realmente en esta partida?
Wolo.gg analiza cada decisión: build order, eco, micro, errores típicos por bracket. Análisis personalizado por WhatsApp o Discord en 30 segundos.
Guía civ
Persas
Perfil
Jugador #5357515